 Dungeon Sprint DCSS version 0.29-a0-824-gd827844252 (webtiles) character file.

Game seed: 17141597890608311477

21395 mhtbhm the Warrior (level 12, -1/180 HPs)
             Began as a Yellow Draconian Berserker on July 10, 2022.
             Was a High Priest of Trog.
             Slain by the 27-headed Lernaean hydra (10 damage)
             ... in the Dungeon (Sprint I: "Red Sonja").
             The game lasted 00:15:24 (7635 turns).

mhtbhm the Warrior (Yellow Draconian Berserker)     Turns: 7635, Time: 00:15:25

Health: -1/180     AC:  8    Str: 21    XL:     12   Next: 53%
Magic:  13/13      EV: 23    Int:  8    God:    Trog [*****.]
Gold:   164        SH:  0    Dex: 18    Spells: 11/11 levels left

rFire   . . .      SeeInvis .   a - +9 morningstar of Fate {elec, rPois rCorr}
rCold   . . .      Faith    +   (no shield)
rNeg    . . .      Spirit   .   (body armour unavailable)
rPois   +          Reflect  .   (helmet restricted)
rElec   .          Harm     .   (no cloak)
rCorr   +          Rampage  .   (no gloves)
Will    .....      NoTele   +   (no boots)
Stlth   ..........              m - amulet of faith
HPRegen 0.40/turn               p - ring of flight
MPRegen 0.13/turn               o - +6 ring of dexterity

@: berserking, flying, hasted, very quick
A: spit acid, AC +8, unfitting armour, cold-blooded, acid resistance, stinger 1,
talons 1, frail 1, high MP 1, weak 1, devolution 1
a: Breathe Acid, Renounce Religion, Berserk, Trog's Hand, Brothers in Arms


You were in the Dungeon.
You worshipped Trog.
Trog was extremely pleased with you.
You visited 1 branch You collected 3248 gold pieces.
You spent 3084 gold pieces at shops.

Inventory:

Hand Weapons
 a - the +9 morningstar of Fate (weapon) {elec, rPois rCorr}
   (You bought it in a shop in the Dungeon)

   It occasionally discharges a powerful burst of electricity upon striking a
   foe.
   rPois:     It protects you from poison.
   rCorr:     It protects you from acid and corrosion.
 r - the +7 Singing Sword {vorpal, sonic wave}
   (You found it in the Dungeon)

   It inflicts extra damage upon your enemies.
   It radiates damaging sonic waves as it strikes, especially in combat
   involving dangerous or numerous foes.
 v - a +2 great mace of protection
 y - the +5 hand axe "Ysmyhoc" {speed, Str+2 SInv}
   (You bought it in a shop in the Dungeon)

   Attacks with this weapon are significantly faster.
   Str:       It affects your strength (+2).
   SInv:      It lets you see invisible.
Missiles
 i - 5 curare-tipped darts (quivered)
Jewellery
 m - an amulet of faith (around neck)
 o - a +6 ring of dexterity (right hand)
 p - a ring of flight (left hand)
Wands
 c - a wand of mindburst (9)
 h - a wand of roots (1)
Scrolls
 g - a scroll of brand weapon
 k - a scroll of enchant armour
 n - a scroll of immolation
 w - a scroll of fear
 x - a scroll of enchant weapon
Potions
 b - 2 potions of curing
 d - a potion of haste
 e - 2 potions of magic
 f - a potion of berserk rage
 j - a potion of lignification
 l - a potion of flight {unknown}
 s - a potion of attraction {unknown}
 z - a potion of resistance
Miscellaneous
 q - a tin of tremorstones (2/2)


   Skills:
 + Level 20.5 Fighting
 + Level 2.7(12.5) Axes
 + Level 18.7 Maces & Flails
 + Level 2.8 Throwing
 + Level 16.2 Dodging
 + Level 8.3 Stealth
 + Level 3.1 Evocations


You had 11 spell levels left.
You didn't know any spells.
Your spell library was empty.

Dungeon Overview and Level Annotations

Branches:
Dungeon (1/1)

Altars:
Cheibriados
Dithmenos
Elyvilon
Fedhas
Gozag
Hepliaklqana
Kikubaaqudgha
Makhleb
Nemelex Xobeh
Okawaru
Qazlal
Ru
Sif Muna
Trog
Uskayaw
Vehumet
Wu Jian
Xom
Yredelemnul
Zin
The Shining One
Jiyva
Lugonu

Shops:
D !(:[(?[(**[!=*(*(*[[:*

Annotations:
D Lernaean hydra


Innate Abilities, Weirdness & Mutations

You can spit globs of acid.
Your golden yellow scales are hard. (AC +8)
You cannot fit into any form of body armour.
You are cold-blooded and may be slowed by cold attacks.
You are resistant to acid. (rCorr)
Your tail ends in a venomous barb.
You have sharp toenails.
You are frail. (-10% HP)
You have an increased reservoir of magic. (+10% MP)
You are weak. (Str -2)
You have hidden genetic defects.


Message History

The 27-headed Lernaean hydra misses you.
You see here 27 gold pieces.
Unknown command.
You bludgeon the 27-headed Lernaean hydra!!
Lightning courses through the 27-headed Lernaean hydra!!
You claw the 27-headed Lernaean hydra!
You tail-slap the 27-headed Lernaean hydra!
The 27-headed Lernaean hydra is poisoned.
The 27-headed Lernaean hydra is heavily wounded.
Your iron troll rages.
The 27-headed Lernaean hydra bites you.
The 27-headed Lernaean hydra completely misses you.
The 27-headed Lernaean hydra bites you.
The 27-headed Lernaean hydra misses you.
The 27-headed Lernaean hydra completely misses you.
The 27-headed Lernaean hydra bites you but does no damage.
The 27-headed Lernaean hydra misses you.
The 27-headed Lernaean hydra bites you! The 27-headed Lernaean hydra bites you.
The 27-headed Lernaean hydra bites you!
* * * LOW HITPOINT WARNING * * *
The 27-headed Lernaean hydra bites you!
* * * LOW HITPOINT WARNING * * *
The 27-headed Lernaean hydra barely misses you.
The 27-headed Lernaean hydra bites you but does no damage.
The 27-headed Lernaean hydra bites you!
* * * LOW HITPOINT WARNING * * *
The 27-headed Lernaean hydra bites you but does no damage.
The 27-headed Lernaean hydra bites you.
* * * LOW HITPOINT WARNING * * *
The 27-headed Lernaean hydra bites you!
* * * LOW HITPOINT WARNING * * *
The 27-headed Lernaean hydra bites you but does no damage.
The 27-headed Lernaean hydra bites you.
* * * LOW HITPOINT WARNING * * *
The 27-headed Lernaean hydra bites you!
* * * LOW HITPOINT WARNING * * *
The 27-headed Lernaean hydra closely misses you.
The 27-headed Lernaean hydra bites you but does no damage.
The 27-headed Lernaean hydra bites you!
You die...

###,,,,,,,,,#.#.'..##..........##
,,+,,,,,,***#'#.##'##..........#,
****,,,***,,..#.#≈≈≈##........##,
,,,*****,,,####,#≈≈≈≈##......##,,
,,,,,,,,,***^,,,#≈≈≈≈≈########,,,
,,,,,*****,,,,####≈≈≈≈#≈≈≈≈≈*,,,,
,,,,**,^^,,,,^#$$#'≈≈≈'≈≈.≈≈',,,,
,,,**^,^,,^,,,#$TD##≈≈#≈≈≈≈≈*≈≈≈,
,,,*,,,,,,,,,,#$@$$######'*****≈≈
********,,,,,,#$$$$#≈≈≈≈≈≈≈≈≈≈**≈
≈≈≈≈≈≈,*^^,,,^######*≈≈≈≈≈≈≈≈≈≈≈≈
********^,^,,,',,*,,',,,≈≈≈≈≈≈≈*≈
,,,+,,,,,,,,,,*,,',,*,,,,,,,,≈≈≈*
*********************************


You could see the 27-headed Lernaean hydra (poisoned, ally target) and a
friendly iron troll (summoned, berserk).

Vanquished Creatures
  A golden dragon (D)
  A shadow dragon (D)
  A deep elf annihilator (D)
  A lorocyproca (D)
  A mummy priest (D)
  A hydra (D)
  2 centaur warriors (D)
  Sonja (D)
  A deep troll (D)
  A lindwurm (D)
  2 oklob plants (D)
  2 merfolk sirens (D)
  A gargoyle (D)
  7 unseen horrors (D)
  2 kobold demonologists (D)
  4 demonic crawlers (D)
  A hellwing (D)
  3 hornets (D)
  A slime creature (D)
  Sigmund (D)
  13 hogs (D)
  A yak (D)
  2 redbacks (D)
  4 floating eyes (D)
  An ogre (D)
  3 jellies (D)
  Ijyb (D)
  A ballistomycete spore (D)
61 creatures vanquished.

Vanquished Creatures (collateral kills)
  8 shining eyes (D)
  2 hornets (D)
  3 floating eyes (D)
  7 necrophages (D)
  5 jellies (D)
25 creatures vanquished.

Vanquished Creatures (others)
  A ballistomycete spore (D)
1 creature vanquished.

Grand Total: 87 creatures vanquished

Notes
Turn   | Place    | Note
-------+----------+-------------------------------------------
     0 | D        | mhtbhm the Draconian Berserker began the quest for the Orb.
     0 | D        | Reached XP level 1. HP: 19/19 MP: 1/1
     1 | D        | Noticed Ijyb
    13 | D        | Killed Ijyb
    14 | D        | Reached skill level 4 in Fighting
    14 | D        | Reached XP level 2. HP: 8/28 MP: 2/2
   258 | D        | Noticed an ogre
   262 | D        | Killed an ogre
   263 | D        | Reached skill level 6 in Fighting
   263 | D        | Reached skill level 5 in Dodging
   263 | D        | Reached XP level 3. HP: 36/38 MP: 3/3
   263 | D        | Reached XP level 4. HP: 42/45 MP: 4/4
   364 | D        | Noticed Sigmund
   371 | D        | Killed Sigmund
   371 | D        | Reached ** piety under Trog
   372 | D        | Reached skill level 8 in Fighting
   372 | D        | Reached XP level 5. HP: 56/56 MP: 5/5
   372 | D        | Reached XP level 6. HP: 62/62 MP: 6/6
   494 | D        | Found an ornate altar of the Wu Jian Council.
   494 | D        | Found a shimmering blue altar of Sif Muna.
   496 | D        | Found a radiant altar of Vehumet.
   547 | D        | Found Ycyfia's Armour Emporium.
   547 | D        | Found an ancient bone altar of Kikubaaqudgha.
   547 | D        | Found a hazy altar of Hepliaklqana.
   547 | D        | Found a stormy altar of Qazlal.
   547 | D        | Found a hide-covered altar of Uskayaw.
   547 | D        | Found a blossoming altar of Fedhas.
   547 | D        | Found a bloodstained altar of Trog.
   547 | D        | Found an iron altar of Okawaru.
   547 | D        | Found a basalt altar of Yredelemnul.
   547 | D        | Found a glowing golden altar of the Shining One.
   547 | D        | Found a snail-covered altar of Cheibriados.
   547 | D        | Found a sacrificial altar of Ru.
   547 | D        | Found a glowing silver altar of Zin.
   547 | D        | Found a shadowy altar of Dithmenos.
   547 | D        | Found a white marble altar of Elyvilon.
   547 | D        | Noticed a yak
   548 | D        | Found an opulent altar of Gozag.
   554 | D        | Killed a yak
   555 | D        | Reached skill level 9 in Fighting
   555 | D        | Found a sparkling altar of Nemelex Xobeh.
   686 | D        | Found a burning altar of Makhleb.
   686 | D        | Found a viscous altar of Jiyva.
   686 | D        | Found a shimmering altar of Xom.
   686 | D        | Found a corrupted altar of Lugonu.
   686 | D        | Noticed a slime creature
   699 | D        | Killed a slime creature
   700 | D        | Reached skill level 10 in Fighting
   700 | D        | Reached skill level 10 in Maces & Flails
   700 | D        | Reached skill level 1 in Stealth
   700 | D        | Your scales start taking on a golden yellow colour.
   700 | D        | Reached XP level 7. HP: 11/72 MP: 7/7
   700 | D        | Gained mutation: You are resistant to acid. (rCorr) [Yellow
                  | Draconian growth]
   978 | D        | Noticed a kobold demonologist
   979 | D        | Noticed a kobold demonologist
   980 | D        | Reached *** piety under Trog
   982 | D        | Noticed a chaos spawn
   985 | D        | Killed a kobold demonologist
   986 | D        | Reached skill level 11 in Fighting
   990 | D        | Noticed an orange demon
   997 | D        | Noticed a rust devil
   997 | D        | Killed a kobold demonologist
   997 | D        | Reached **** piety under Trog
   998 | D        | Reached XP level 8. HP: 82/82 MP: 8/8
  1054 | D        | Noticed Sonja
  1069 | D        | Killed Sonja
  1070 | D        | Reached skill level 12 in Fighting
  1070 | D        | Reached skill level 10 in Dodging
  1196 | D        | Found Qiskuten's Distillery.
  1345 | D        | Noticed a deep troll
  1363 | D        | Killed a deep troll
  1364 | D        | Reached XP level 9. HP: 27/92 MP: 9/9
  1476 | D        | Found Huygen's Armour Emporium.
  1655 | D        | Noticed a centaur warrior
  1655 | D        | Noticed a centaur warrior
  1662 | D        | Killed a centaur warrior
  1663 | D        | Reached skill level 13 in Fighting
  1663 | D        | Reached skill level 1 in Throwing
  1666 | D        | Killed a centaur warrior
  1667 | D        | Reached skill level 1 in Evocations
  1766 | D        | Paralysed by a hornet for 1 turns
  1771 | D        | Reached ***** piety under Trog
  1772 | D        | Reached skill level 14 in Fighting
  1952 | D        | Noticed an oklob plant
  1964 | D        | Killed an oklob plant
  1965 | D        | Reached skill level 15 in Maces & Flails
  1965 | D        | Reached XP level 10. HP: 104/104 MP: 10/10
  2031 | D        | Reached skill level 5 in Stealth
  2660 | D        | Reached skill level 15 in Fighting
  2677 | D        | Received a gift from Trog
  2706 | D        | Received a gift from Trog
  2819 | D        | Found Fetueraf's Antique Weapon Shoppe.
  2819 | D        | Found Ziry's Antique Armour Shop.
  2819 | D        | Found Miwozxan's General Store.
  2821 | D        | Found Joeco's Assorted Antiques.
  2821 | D        | Found Sesseami's Armour Shop.
  2821 | D        | Found Keotzu's Distillery.
  2821 | D        | Found Fuosev's Jewellery Boutique.
  2821 | D        | Found Gozin's Assorted Antiques.
  2821 | D        | Found Inuk's Weapon Shop.
  2821 | D        | Found Homuvvapp's General Store.
  2826 | D        | Found Quiha's Weapon Boutique.
  2827 | D        | Found Meobil's Antique Armour Emporium.
  2827 | D        | Found Exkoetob's Assorted Antiques.
  2828 | D        | Found Filuheel's Book Emporium.
  3015 | D        | Bought the +9 morningstar of Fate {elec, rPois rCorr} for
                  | 718 gold pieces
  3018 | D        | Bought an amulet of faith for 520 gold pieces
  3090 | D        | Noticed a gargoyle
  3094 | D        | Killed a gargoyle
  3095 | D        | Reached skill level 16 in Fighting
  3183 | D        | Noticed a lindwurm
  3186 | D        | Killed a lindwurm
  3186 | D        | Reached ****** piety under Trog
  3308 | D        | Received a gift from Trog
  3309 | D        | Reached XP level 11. HP: 102/115 MP: 11/11
  3324 | D        | Reached skill level 17 in Fighting
  3325 | D        | Received a gift from Trog
  3475 | D        | Noticed a 12-headed hydra
  3476 | D        | Paralysed by a floating eye for 2 turns
  3480 | D        | Killed a 12-headed hydra
  3839 | D        | Bought a large diamond ring for 125 gold pieces
  3839 | D        | Bought an opal ring for 125 gold pieces
  3954 | D        | Noticed a daeva
  3963 | D        | Received a gift from Trog
  5002 | D        | Bought 2 potions of haste for 280 gold pieces
  5225 | D        | Noticed a golden dragon
  5226 | D        | Noticed a shadow dragon
  5226 | D        | Found the +7 Singing Sword {vorpal, sonic wave}
  5237 | D        | Killed a golden dragon
  5238 | D        | Reached skill level 18 in Fighting
  5244 | D        | Killed a shadow dragon
  5433 | D        | Found Hibbouho's General Store.
  5451 | D        | Bought a scroll of identify for 26 gold pieces
  6456 | D        | Bought a potion of heal wounds for 70 gold pieces
  6463 | D        | Noticed a shining eye
  6463 | D        | Noticed a shining eye
  6463 | D        | Noticed a shining eye
  6463 | D        | Noticed a shining eye
  6463 | D        | Noticed a shining eye
  6463 | D        | Noticed a shining eye
  6464 | D        | Gained mutation: You are frail. (-10% HP) [a shining eye]
  6465 | D        | Killed a shining eye
  6466 | D        | Noticed a shining eye
  6466 | D        | Noticed a shining eye
  6466 | D        | Paralysed by a floating eye for 4 turns
  6466 | D        | Gained mutation: Your tail ends in a venomous barb. [a
                  | shining eye]
  6467 | D        | Gained mutation: You are weak. (Str -2) [a shining eye]
  6468 | D        | Killed a shining eye
  6468 | D        | Killed a shining eye
  6468 | D        | Received a gift from Trog
  6468 | D        | Gained mutation: Your mind is acute. (Int +4, Str/Dex -1)
                  | [a shining eye]
  6469 | D        | Reached skill level 19 in Fighting
  6469 | D        | Reached skill level 15 in Dodging
  6469 | D        | Reached XP level 12. HP: 117/117 MP: 12/12
  6471 | D        | Received a gift from Trog
  6481 | D        | Found Ymoirog's Weapon Shoppe.
  6481 | D        | Found Yseagh's Antique Weapon Shop.
  6481 | D        | Found Damubest's Book Emporium.
  6481 | D        | Found Cillysuf's Magic Scroll Boutique.
  6498 | D        | Bought a scroll of enchant armour for 75 gold pieces
  6498 | D        | Bought a scroll of identify for 20 gold pieces
  6500 | D        | Bought a runed great mace for 199 gold pieces
  6520 | D        | Bought a potion of haste for 140 gold pieces
  6520 | D        | Bought a potion of mutation for 112 gold pieces
  6524 | D        | Lost mutation: Your mind is acute. (Int +4, Str/Dex -1)
                  | [potion of mutation]
  6524 | D        | Lost mutation: You are frail. (-10% HP) [potion of
                  | mutation]
  6524 | D        | Gained mutation: You have an increased reservoir of magic.
                  | (+10% MP) [potion of mutation]
  6524 | D        | Gained mutation: You have hidden genetic defects. [potion
                  | of mutation]
  6524 | D        | Gained mutation: Your tail ends in a sharp venomous barb.
                  | [potion of mutation]
  6537 | D        | Bought a potion of mutation for 112 gold pieces
  6537 | D        | Lost mutation: You have hidden genetic defects. [potion of
                  | mutation]
  6537 | D        | Lost mutation: Your tail ends in a sharp venomous barb.
                  | [potion of mutation]
  6537 | D        | Gained mutation: You have hidden genetic defects. [potion
                  | of mutation]
  6537 | D        | Gained mutation: You have sharp toenails. [potion of
                  | mutation]
  6599 | D        | Bought a scroll labelled INUNLO VYLI for 23 gold pieces
  6599 | D        | Bought a scroll labelled MUVVUAF BYVIWK for 23 gold pieces
  6599 | D        | Bought a scroll labelled INUNLO VYLI for 23 gold pieces
  6602 | D        | Bought a scroll of identify for 24 gold pieces
  6608 | D        | Bought a potion of resistance for 130 gold pieces
  6611 | D        | Bought a potion of curing for 39 gold pieces
  6616 | D        | Bought a transparent hand axe for 208 gold pieces
  6616 | D        | Identified the +5 hand axe "Ysmyhoc" {speed, Str+2 SInv}
                  | (You bought it in a shop in the Dungeon)
  6655 | D        | Bought a scroll of identify for 46 gold pieces
  6655 | D        | Bought a scroll of identify for 46 gold pieces
  6736 | D        | Noticed a lorocyproca
  6742 | D        | Killed a lorocyproca
  7129 | D        | Noticed a deep elf annihilator
  7141 | D        | Reached skill level 1 in Axes
  7149 | D        | Noticed a mummy priest
  7153 | D        | Killed a deep elf annihilator
  7154 | D        | Reached skill level 20 in Fighting
  7161 | D        | Paralysed by a hornet for 2 turns
  7163 | D        | Received a gift from Trog
  7164 | D        | HP: 1/133 [hornet (11)]
  7218 | D        | Gained mutation: You are frail. (-10% HP) [hidden defects]
  7549 | D        | Killed a mummy priest
  7625 | D        | Noticed the 27-headed Lernaean hydra
  7635 | D        | HP: 9/180 [the 27-headed Lernaean hydra (7)]
  7635 | D        | Slain by the 27-headed Lernaean hydra

Illustrated notes

Levels and vault maps discovered:
D:        dungeon_sprint_1 [red_sonja_temple_1, red_sonja_temple_small_1]

Skill      XL: |  1  2  3  4  5  6  7  8  9 10 11 12 |
---------------+-------------------------------------+-----
Fighting       | 4 6 8 10 11 12 14 16 19 20 | 20.5
Maces & Flails | 4 6 8 10 11 13 15 16 17 18 | 18.7
Dodging        | 4 5 7 8 9 10 11 12 15 16 | 16.2
Stealth        | 1 2 3 4 6 7 8 |  8.3
Throwing       | 1 2 |  2.8
Evocations     | 1 2 3 |  3.1
Axes           | 2 |  2.7

Action                   |  1- 3 |  4- 6 |  7- 9 | 10-12 || total
-------------------------+-------+-------+-------+-------++-------
Melee: Mace              |    12 |    26 |    47 |    52 ||   137
       Tailslap          |     2 |     5 |    11 |    24 ||    42
       Morningstar       |       |       |       |   111 ||   111
       Kick              |       |       |       |    11 ||    11
       Hand axe          |       |       |       |     5 ||     5
       Punch             |       |       |       |     1 ||     1
Throw: Dart              |       |       |     3 |     2 ||     5
Invok: Berserk           |     2 |     1 |     4 |     8 ||    15
       Brothers in Arms  |       |       |       |     7 ||     7
 Abil: Breathe Acid      |       |       |     3 |     3 ||     6
Evoke: Wand              |       |       |     2 |     5 ||     7
  Use: Potion            |       |       |     1 |    12 ||    13
       Scroll            |       |       |     1 |    11 ||    12
 Stab: Sleeping          |       |       |     2 |     2 ||     4
       Distracted        |       |       |       |     1 ||     1
Armor: Skin              |     1 |     3 |    10 |    61 ||    75
Dodge: Dodged            |     4 |     8 |    30 |   140 ||   182

Table legend: (Time is in decaauts)
 A = Elapsed time spent in this place.
 B = Non-inter-level travel time spent in this place.
 C = Inter-level travel time spent in this place.
 D = Time resting spent in this place.
 E = Time spent auto-exploring this place.
 F = Levels seen in this place.
 G = Mean time per level.
                   A        B        C        D        E       F      G
               +--------+--------+--------+--------+--------+-----+--------+
         Total |   7650 |   7632 |     18 |   5673 |      1 |   1 | 7650.0 |
       Dungeon |   7650 |   7632 |     18 |   5673 |      1 |   1 | 7650.0 |
               +--------+--------+--------+--------+--------+-----+--------+

Top non-repeatable levels by time:
       D: 7650 daAuts
